AoeStats
← dvdvnlng

Hideout

508573984Analyzed
1v1 RM · 9d ago on Sep 23, 2026· 66m 21s· 2 players
Game mode
Random Map
Map size
Tiny (2 player)
Population
200
Speed
Normal
Resources
Standard
Victory
Conquest
Starting age
Dark Age
Ending age
Imperial Age
RankedLock teamsTeams togetherTeam positionsShared explorationLock speedFull tech treeHidden civsTurbo modeCheats
Victory
Defeat
🇨🇴 Malians · Colombia
987
+16
🇺🇸 Huns · United States
987
-16
An*Other*Exit*
0:43 Loom
10:09 Feudal Age
14:53 Double-Bit Axe
15:24 Town Watch
18:34 Castle Age
20:48 Pikeman
21:29 Squires
26:08 Husbandry
30:51 Wheelbarrow
30:02 Elite Skirmisher
31:46 Thumb Ring
32:14 Ballistics
33:32 Hand Cart
33:34 Fletching
36:19 Horse Collar
37:06 Forging
43:01 Imperial Age
41:04 Bow Saw
41:59 Tigui
42:27 Bloodlines
43:10 Iron Casting
42:31 Bodkin Arrow
42:45 Scale Barding Armor
42:41 Padded Archer Armor
43:35 Heavy Camel Rider
46:51 Treadmill Crane
49:05 Guilds
49:48 Conscription
49:29 Farimba
50:56 Chain Barding Armor
50:52 Leather Archer Armor
55:04 Plate Barding Armor
59:03 Chemistry
dvdvnlng
10:06 Feudal Age
9:45 Loom
11:15 Double-Bit Axe
12:20 Horse Collar
13:46 Wheelbarrow
13:38 Forging
15:38 Scale Barding Armor
20:22 Bloodlines
21:22 Fletching
21:32 Padded Archer Armor
25:22 Castle Age
23:20 Gold Mining
26:47 Thumb Ring
27:23 Husbandry
27:52 Bow Saw
29:50 Bodkin Arrow
30:11 Leather Archer Armor
31:58 Hand Cart
33:36 Chain Barding Armor
33:52 Iron Casting
36:31 Imperial Age
41:12 Parthian Tactics
42:29 Gold Shaft Mining
41:37 Heavy Cavalry Archer
42:19 Town Watch
43:10 Murder Holes
43:36 Ballistics
44:17 Chemistry
43:41 Cavalier
44:37 Cavalier
48:15 Stone Mining
49:02 Atheism
48:04 Elite Tarkan
49:12 Masonry
49:54 Light Cavalry
51:59 Hussar
53:52 Plate Barding Armor
54:18 Blast Furnace
54:44 Bracer
Connection lost

Rejoining the realm…

Still unreachable

The connection could not be restored.

Session expired

The server has moved on; the page needs a fresh start.